 Dungeon Crawl Stone Soup version 0.21-a0-404-g291f19a (webtiles) character file.

41716 Ijustatesigmund the Severer (level 14, -8/132 HPs)
             Began as a Hill Orc Fighter on Oct 27, 2017.
             Was the Champion of Cheibriados.
             Mangled by Louise
             ... wielding a +2 morningstar of crushing
              (20 damage)
             ... on level 2 of the Orcish Mines on Oct 30, 2017.
             The game lasted 01:03:06 (19930 turns).

Ijustatesigmund the Severer (Hill Orc Fighter)     Turns: 19930, Time: 01:03:06

Health: -8/132     AC: 23    Str: 44    XL:     14   Next: 16%
Magic:  23/23      EV: 15    Int: 24    God:    Cheibriados [******]
Gold:   566        SH: 15    Dex: 30    Spells: 12/13 levels left

rFire    . . .     SeeInvis +   n - +5 broad axe (protect)
rCold    . . .     Gourm    .   c - +0 shield
rNeg     . . .     Faith    .   b - +2 ring mail of the Sun {Dex+2}
rPois    +         Spirit   .   e - +0 helmet
rElec    +         Reflect  .   F - scarf of Henotheism {*Corrode rElec Regen+ SInv}
rCorr    .         Harm     .   m - +1 pair of gloves
MR       +....                  z - +1 pair of boots
Stlth    ++........             (no amulet)
HPRegen  0.00/turn              u - ring of poison resistance
MPRegen  0.18/turn              N - +6 ring of protection

@: mighty, about to teleport, corroded, protection aura, drained, very slow
A: talons 1, inhibited regeneration, strong 2, MP-powered wands
a: Bend Time, Temporal Distortion, Slouch, Step From Time, Renounce Religion


You were on level 2 of the Orcish Mines.
You worshipped Cheibriados.
Cheibriados was exalted by your worship.
You were not hungry.

You visited 5 branches of the dungeon, and saw 17 of its levels.
You also visited: Sewer.

You collected 1792 gold pieces.
You spent 1226 gold pieces at shops.

Inventory:

Hand Weapons
 a - a +2 war axe
 n - a +5 broad axe of protection (weapon)
 s - the +7 war axe "Rinwibb" {flame, rN+ MR+ Str-2}
   (You bought it in a shop on level 7 of the Dungeon)

   It has been specially enchanted to burn those struck by it, causing extra
   injury to most foes and up to half again as much damage against particularly
   susceptible opponents.
   Big, fiery blades are also staple armaments of hydra-hunters.
   It affects your strength (-2).
   It protects you from negative energy.
   It affects your resistance to hostile enchantments.
Armour
 b - the +2 ring mail of the Sun (worn) {Dex+2}
   (You found it on level 5 of the Dungeon)

   It affects your dexterity (+2).
 c - a +0 shield (worn)
 e - a +0 helmet (worn)
 m - a +1 pair of gloves (worn)
 z - a +1 pair of boots (worn)
 F - the scarf of Henotheism (worn) {*Corrode rElec Regen+ SInv}
   (You acquired it on level 12 of the Dungeon)

   It insulates you from electricity.
   It lets you see invisible.
   It increases your rate of regeneration.
   It may corrode you when you take damage.
Magical Staves
 E - an uncursed staff of conjuration
Jewellery
 d - an uncursed ring of flight
 i - an uncursed ring of see invisible
 u - a ring of poison resistance (left hand)
 v - an uncursed ring of positive energy
 w - an uncursed ring of ice
 A - an uncursed ring of wizardry
 N - a +6 ring of protection (right hand)
Wands
 y - a wand of enslavement (0/24)
 B - a wand of scattershot (5/9)
 D - a wand of enslavement (6/24)
 K - a wand of acid (7/15)
 M - a wand of disintegration (12/24)
Scrolls
 j - 3 scrolls of remove curse
 k - 2 scrolls of recharging
 r - 4 scrolls of magic mapping
 C - 2 scrolls of identify
 H - 2 scrolls of fog
Potions
 h - 6 potions of curing
 l - a potion of magic
 o - a potion of brilliance
 q - 5 potions of flight
 t - 2 potions of cancellation
Books
 J - a book of Beasts

   Spells                             Type                      Level
   a - Summon Butterflies             Summoning                    1
   b - Call Canine Familiar           Summoning                    3
   c - Summon Ice Beast               Ice/Summoning                4
   d - Summon Mana Viper              Hexes/Summoning              5
   e - Summon Hydra                   Summoning                    7
Miscellaneous
 G - a phantom mirror
Comestibles
 f - 10 bread rations
 g - 9 meat rations
 x - 3 royal jellies
 I - 4 fruits


   Skills:
 + Level 14.2(14.1) Fighting
 + Level 17.7(17.6) Axes
 - Level 7.6(7.5) Armour
 - Level 5.2(5.1) Dodging
 - Level 0.2(0.1) Stealth
 - Level 7.5(7.4) Shields
 - Level 3.4 Summonings
 + Level 13.1(13.0) Invocations


You had 12 spell levels left.
You knew the following spells:

 Your Spells              Type           Power        Failure   Level  Hunger
a - Summon Butterflies    Summ           ###.....     12%         1    ##.....


Dungeon Overview and Level Annotations

Branches:
Dungeon (12/15)            Temple (1/1) D:5            Lair (1/6) D:8
    Orc (2/2) D:12            Elf (1/3) Orc:2

Altars:
Ashenzari
Cheibriados
Dithmenos
Elyvilon
Fedhas
Gozag
Hepliaklqana
Kikubaaqudgha
Makhleb
Nemelex Xobeh
Okawaru
Qazlal
Ru
Sif Muna
Trog
Uskayaw
Vehumet
Xom
Yredelemnul
Zin
The Shining One

Shops:
D:7 %%(   Orc:2 (=*?

Annotations:
Lair:1 exclusion: 3 oklob plants
Orc:2 Louise


Innate Abilities, Weirdness & Mutations

You have sharp toenails.
You do not regenerate when monsters are visible.
Your muscles are very strong. (Str +4)
You expend magic power (3 MP) to strengthen your wands.


Message History

The dire flail of crushing hits you!
You block the scimitar of holy wrath's attack.
The dire flail of crushing hits you! Louise closely misses you.
You slice Louise!!
Your weapon exudes an aura of protection.
Louise is moderately wounded.
You hit the scimitar of holy wrath but do no damage.
You barely miss the earth elemental.
You closely miss the dire flail of crushing.
The scimitar of holy wrath hits you but does no damage.
The dire flail of crushing hits you!!
* * * LOW HITPOINT WARNING * * *
x2 You block the earth elemental's attack.
Okay, then.
As you read the scroll of teleportation, it crumbles to dust.
You feel strangely unstable. The scimitar of holy wrath hits you.
* * * LOW HITPOINT WARNING * * *
You block the dire flail of crushing's attack.
Louise hits you with a morningstar of crushing!!
You die...

..)#.#...#..)................#
..#[##[[#..............#.....##
.#[[)([...(...................#
..[[#[[##..............#.....##
....)..#####....##....#......#
...##.## ##...#....#.#.##.##
....### ##......#....#####
.#.## #...(E......## #.##
##..@@#.#.### ...# ###(######
..## ### ...# ..## .## ..# .##
..##


You could see Louise, an earth elemental and 2 dancing weapons.

Vanquished Creatures
  An orc warlord (D:12)
  A vampire knight (D:12)
  Azrael (D:12)
  Snorg (Orc:2)
  Erolcha (D:12)
  Harold (D:10)
  4 two-headed ogres
  A centaur warrior (D:12)
  A vampire mage (D:12)
  An orc high priest (Orc:2)
  Pikel (D:5)
  An ugly thing (D:12)
  An oklob plant (Orc:1)
  An orc knight (Orc:1)
  6 orc sorcerers
  3 spiny frogs (Lair:1)
  A kobold demonologist (D:12)
  2 centaur skeletons (D:12)
  2 komodo dragons (Lair:1)
  9 trolls
  Prince Ribbit (D:5)
  5 slime creatures
  5 blink frogs (Lair:1)
  7 hippogriffs
  17 flying skulls (D:12)
  Sigmund (D:5)
  7 vampires (D:12)
  A wraith (D:10)
  A shadow (D:10)
  A wyvern (D:11)
  10 yaks (Lair:1)
  4 fire elementals (D:12)
  A basilisk (Lair:1)
  4 wargs
  A soldier ant (D:10)
  2 water moccasins (Lair:1)
  4 hell hounds (D:12)
  3 porcupines (D:12)
  3 sky beasts
  3 ice beasts
  A hornet zombie (D:9)
  25 orc warriors
  7 phantoms
  8 ogres
  5 centaurs
  6 necrophages
  4 wolves (D:8)
  6 crocodiles
  A big kobold (Sewer)
  8 bullfrogs
  A gnoll sergeant (D:9)
  5 scorpions
  8 killer bees
  7 electric eels (D:8)
  16 wights
  8 howler monkeys
  7 crimson imps
  2 centaur zombies
  A quasit (D:8)
  3 jellies
  8 hounds
  4 bullfrog skeletons
  33 orc priests
  7 human zombies (D:12)
  8 worker ants
  8 iguanas
  44 orc wizards
  A hell rat (D:12)
  A killer bee zombie (D:8)
  A hound zombie (D:11)
  3 worker ant zombies
  Robin (D:3)
  8 gnolls
  18 adders
  5 river rats
  6 shadow imps
  An ooze (D:1)
  3 adder zombies
  An adder skeleton (D:8)
  6 worms
  2 dart slugs
  4 leopard geckos
  75 orcs
  7 ball pythons
  7 giant cockroaches
  14 goblins
  14 hobgoblins
  13 jackals
  2 quokkas
  17 bats
  23 kobolds
  A quokka zombie (D:9)
  13 rats
  A bush (D:9)
  2 plants (D:9)
612 creatures vanquished.

Vanquished Creatures (collateral kills)
  A bullfrog (D:12)
1 creature vanquished.

Vanquished Creatures (others)
  A slime creature (D:12)
  2 slaves (D:5)
  A centaur (D:5)
  An orc priest (D:12)
  An iguana (D:5)
  An orc (D:5)
  2 fungi (Lair:1)
  6 plants
15 creatures vanquished.

Grand Total: 628 creatures vanquished

Notes
Turn   | Place    | Note
-------+----------+-------------------------------------------
     0 | D:1      | Ijustatesigmund the Hill Orc Fighter began the quest for the Orb.
     0 | D:1      | Reached XP level 1. HP: 19/19 MP: 1/1
    24 | D:1      | Reached skill level 3 in Axes
    68 | D:1      | Reached XP level 2. HP: 13/26 MP: 2/2
   538 | D:1      | Reached skill level 4 in Axes
   711 | D:1      | Reached XP level 3. HP: 26/31 MP: 3/3
   865 | D:1      | Reached skill level 1 in Dodging
  1227 | D:2      | Reached XP level 4. HP: 21/40 MP: 4/4
  1507 | D:2      | Reached skill level 5 in Axes
  1849 | D:2      | Reached XP level 5. HP: 20/47 MP: 5/5
  2437 | D:3      | Noticed Robin
  2441 | D:3      | Reached skill level 5 in Fighting
  2668 | D:3      | Killed Robin
  2725 | D:3      | Reached skill level 6 in Axes
  2797 | D:3      | Found a deep blue altar of Sif Muna.
  3025 | D:3      | Reached XP level 6. HP: 54/56 MP: 6/6
  3586 | D:4      | Found a glowing drain.
  3602 | Sewer    | Entered a sewer
  3630 | Sewer    | Reached skill level 7 in Axes
  3843 | Sewer    | Reached XP level 7. HP: 58/64 MP: 7/7
  4714 | D:4      | Found a shadowy altar of Dithmenos.
  4916 | D:4      | Found a snail-covered altar of Cheibriados.
  4973 | D:5      | Entered Level 5 of the Dungeon
  4993 | D:5      | Noticed Pikel
  5010 | D:5      | Killed Pikel
  5010 | D:5      | Reached skill level 8 in Axes
  5010 | D:5      | Reached XP level 8. HP: 55/74 MP: 8/8
  5029 | D:5      | Reached skill level 5 in Armour
  5036 | D:5      | Found a snail-covered altar of Cheibriados.
  5058 | D:5      | Reached skill level 9 in Axes
  5372 | D:5      | Found a staircase to the Ecumenical Temple.
  5382 | Temple   | Entered the Ecumenical Temple
  5718 | D:5      | Noticed Prince Ribbit
  5738 | D:5      | Killed Prince Ribbit
  5833 | D:5      | Reached XP level 9. HP: 78/82 MP: 9/9
  5844 | D:5      | Noticed Sigmund
  5861 | D:5      | Killed Sigmund
  5861 | D:5      | Reached skill level 10 in Axes
  5922 | D:5      | Identified a scroll of acquirement
  5966 | D:5      | Got a polished ring mail
  5972 | D:5      | Identified the +2 ring mail of the Sun {Dex+2} (You found it on level 5 of the Dungeon)
  6082 | D:5      | Found a stormy altar of Qazlal.
  7118 | D:7      | Found Woariof Idyrph's Antique Weapon Shop.
  7134 | D:7      | Bought a pitted war axe for 212 gold pieces
  7134 | D:7      | Identified the +7 war axe "Rinwibb" {flame, rN+ MR+ Str-2} (You bought it in a shop on level 7 of the Dungeon)
  7288 | D:7      | Reached skill level 10 in Fighting
  7290 | D:7      | Reached skill level 11 in Axes
  7743 | D:7      | Found Ivolek's Food Shoppe.
  8097 | D:7      | Found Taocrubb's Food Emporium.
  8498 | D:8      | Noticed a two-headed ogre
  8509 | D:8      | Killed a two-headed ogre
  8509 | D:8      | Reached XP level 10. HP: 60/94 MP: 10/10
  8510 | D:8      | Found a sparkling altar of Nemelex Xobeh.
  8843 | D:8      | Reached skill level 5 in Shields
  9192 | D:8      | Reached skill level 12 in Axes
 10135 | D:8      | Found a staircase to the Lair.
 12168 | D:9      | Reached XP level 11. HP: 96/102 MP: 11/11
 12563 | D:9      | Found a blossoming altar of Fedhas.
 12909 | D:10     | Entered Level 10 of the Dungeon
 13226 | D:10     | Gained mutation: Your muscles are strong. (Str +2) [potion of mutation]
 13226 | D:10     | Gained mutation: You have sharp toenails. [potion of mutation]
 13226 | D:10     | Gained mutation: Your muscles are very strong. (Str +4) [potion of mutation]
 13293 | D:10     | Noticed Harold
 13306 | D:10     | Killed Harold
 13306 | D:10     | Reached skill level 13 in Axes
 13306 | D:10     | Reached skill level 5 in Dodging
 13956 | D:5      | Became a worshipper of Cheibriados the Contemplative
 14039 | Lair:1   | Entered Level 1 of the Lair of Beasts
 14062 | Lair:1   | Reached skill level 1 in Invocations
 14297 | Lair:1   | Reached skill level 14 in Axes
 14318 | Lair:1   | Reached skill level 5 in Invocations
 14520 | Lair:1   | Reached * piety under Cheibriados
 14520 | Lair:1   | Reached XP level 12. HP: 112/112 MP: 14/16
 15684 | D:11     | Noticed a two-headed ogre
 15693 | D:11     | Killed a two-headed ogre
 15840 | D:11     | Reached skill level 15 in Axes
 15898 | D:11     | Noticed a two-headed ogre
 15902 | D:11     | Killed a two-headed ogre
 16011 | D:11     | Reached ** piety under Cheibriados
 16508 | D:12     | Got a fine scarf
 16514 | D:12     | Identified the scarf of Henotheism {*Corrode rElec Regen+ SInv} (You acquired it on level 12 of the Dungeon)
 16559 | D:12     | Reached *** piety under Cheibriados
 16804 | D:12     | Noticed a two-headed ogre
 16807 | D:12     | Killed a two-headed ogre
 16807 | D:12     | Reached skill level 10 in Invocations
 16816 | D:12     | Reached skill level 16 in Axes
 16901 | D:12     | Noticed Azrael
 16911 | D:12     | Reached **** piety under Cheibriados
 16923 | D:12     | Reached XP level 13. HP: 72/119 MP: 20/20
 16937 | D:12     | Killed Azrael
 17070 | D:12     | Found a staircase to the Orcish Mines.
 17091 | D:12     | Noticed Erolcha
 17097 | D:12     | Killed Erolcha
 17485 | D:12     | Reached ***** piety under Cheibriados
 17519 | D:12     | Noticed a vampire knight
 17536 | D:12     | Killed a vampire knight
 17537 | D:12     | Reached skill level 17 in Axes
 17544 | D:12     | Found a basalt altar of Yredelemnul.
 17976 | D:12     | Learned a level 1 spell: Summon Butterflies
 18059 | Orc:1    | Entered Level 1 of the Orcish Mines
 18059 | Orc:1    | Noticed an orc warlord
 18249 | D:12     | Killed an orc warlord
 18249 | D:12     | Reached skill level 1 in Summonings
 18792 | Orc:2    | Entered Level 2 of the Orcish Mines
 19003 | Orc:2    | Reached ****** piety under Cheibriados
 19124 | Orc:2    | Found a staircase to the Elven Halls.
 19190 | Orc:2    | Gained mutation: You expend magic power (3 MP) to strengthen your wands. [a neqoxec]
 19191 | Orc:2    | Gained mutation: You do not regenerate when monsters are visible. [a neqoxec]
 19192 | Orc:2    | Reached XP level 14. HP: 90/130 MP: 20/23
 19591 | Orc:2    | Found Vumoimn's Assorted Antiques.
 19592 | Orc:2    | Found Kiasoar's Magic Scroll Shoppe.
 19593 | Orc:2    | Found Wuggioxzyeh's Jewellery Emporium.
 19604 | Orc:2    | Found Meanas's Antique Weapon Emporium.
 19632 | Orc:2    | Bought a +6 ring of protection for 1014 gold pieces
 19698 | Orc:2    | Paralysed by an orc sorcerer for 7 turns
 19741 | Orc:2    | Noticed Snorg
 19748 | Orc:2    | Killed Snorg
 19921 | Elf:1    | Entered Level 1 of the Elven Halls
 19921 | Elf:1    | Noticed Louise
 19930 | Orc:2    | Mangled by Louise

Vault maps used:
D:1:      roderic_octagonal_star
D:2:      minmay_pentomino_w2
D:3:      palyth_stone_intersect, roderic_lattice_a, led_sif_pool, uniq_robin
D:4:      grunt_dithmenos_shadows, nicolae_overflow_hidden_temple,
          portal_sewer_entry_f, glass_columns_a
D:5:      lemuel_round_altar, minmay_temple_entry_statues_fountains,
          basic_altar, first_bread, uniq_prince_ribbit1, uniq_pikel,
          uniq_sigmund
D:7:      serial_shops, shop_coins, shop, nicolae_shop_behind_doors,
          grunt_ogre_cave
D:8:      nemelex_xobeh_ov_fountains_minmay, erik_lair_island
D:9:      fedhas_altar_decomposition
D:10:     uniq_harold
D:12:     lemuel_vampire_tower, orc_0_dummy, uniq_azrael, uniq_erolcha
Temple:   nicolae_temple_no_exploring_needed
Lair:1:   dpeg_oklob_gauntlet, beast_lair_carwin_10
Orc:1:    mines3_lemuel
Orc:2:    st_orc_mages, uniq_snorg
Elf:1:    minmay_elf_arrival_circle, minmay_elf_annihilation, fountainhead,
          uniq_louise
Sewer:    sewer_co_15_rooms

Skill      XL: |  1  2  3  4  5  6  7  8  9 10 11 12 13 14 |
---------------+-------------------------------------------+-----
Axes           | 3 4 5 6 7 8 9 11 12 14 16 17 | 17.7
Dodging        | 1 2 4 5 |  5.2
Fighting       | 4 5 6 7 8 10 11 12 13 14 | 14.2
Armour         | 4 6 7 |  7.6
Shields        | 4 6 7 |  7.5
Invocations    | 5 10 12 13 | 13.1
Summonings     | 3 |  3.4
Stealth        | |  0.2

Action                   |  1- 3 |  4- 6 |  7- 9 | 10-12 | 13-15 || total
-------------------------+-------+-------+-------+-------+-------++-------
Melee: War axe           |   119 |   271 |   173 |   328 |       ||   891
       Broad axe         |       |       |    63 |   261 |   432 ||   756
       Kick              |       |       |       |    22 |       ||    22
Invok: Temporal Distorti |       |       |       |     1 |       ||     1
       Slouch            |       |       |       |       |     4 ||     4
Evoke: Wand              |       |       |       |    19 |       ||    19
  Use: Scroll            |     3 |     7 |    11 |    11 |     6 ||    38
       Potion            |       |     1 |     5 |     8 |     3 ||    17
 Stab: Distracted        |       |       |       |       |     1 ||     1
       Sleeping          |       |       |       |       |     1 ||     1
  Eat: Chunk             |     1 |     9 |     8 |    11 |     6 ||    35
       Royal jelly       |       |       |     3 |       |       ||     3
       Bread ration      |       |       |       |     2 |       ||     2
       Meat ration       |       |       |       |     1 |       ||     1
Armor: Scale mail        |    61 |   112 |     3 |       |       ||   176
       Chain mail        |       |       |    49 |       |       ||    49
       Ring mail         |       |       |    32 |   188 |   115 ||   335
Dodge: Dodged            |    36 |    85 |    48 |   264 |   186 ||   619
Block: Shield            |    57 |   137 |    80 |   324 |   240 ||   838

Table legend:
 A = Spawn XP
 B = Non-spawn XP
 C = Spawn XP percentage of total XP
 D = Spawn monster count
 E = Non-spawn monster count
 F = Spawn count percentage of total count
 G = Total turns spent on level
                    A         B        C        D         E        F      G
               +---------+---------+-------+---------+---------+-------+---------
         Total |       0 |   59595 |   0.0 |       0 |     610 |   0.0 | 19930
               +---------+---------+-------+---------+---------+-------+---------
           D:1 |       0 |      51 |   0.0 |       0 |      25 |   0.0 |  1116
           D:2 |       0 |     182 |   0.0 |       0 |      40 |   0.0 |  1533
           D:3 |       0 |     173 |   0.0 |       0 |      38 |   0.0 |   898
           D:4 |       0 |     205 |   0.0 |       0 |       8 |   0.0 |  1149
           D:5 |       0 |    1904 |   0.0 |       0 |      24 |   0.0 |  1495
           D:6 |       0 |     968 |   0.0 |       0 |      24 |   0.0 |   690
           D:7 |       0 |     958 |   0.0 |       0 |      14 |   0.0 |  1434
           D:8 |       0 |    4280 |   0.0 |       0 |      47 |   0.0 |  3687
           D:9 |       0 |    2188 |   0.0 |       0 |      40 |   0.0 |   809
          D:10 |       0 |    3508 |   0.0 |       0 |      33 |   0.0 |  1013
          D:11 |       0 |    4270 |   0.0 |       0 |      32 |   0.0 |   835
          D:12 |       0 |   19899 |   0.0 |       0 |      98 |   0.0 |  1781
        Lair:1 |       0 |    7376 |   0.0 |       0 |      34 |   0.0 |  1560
         Orc:1 |       0 |    4680 |   0.0 |       0 |      50 |   0.0 |   852
         Orc:2 |       0 |    8774 |   0.0 |       0 |      86 |   0.0 |   791
         Sewer |       0 |     179 |   0.0 |       0 |      17 |   0.0 |   279
               +---------+---------+-------+---------+---------+-------+---------
